 Dungeon Crawl Stone Soup version 0.31.0-32-g396128a36d (webtiles) character file.

Game seed: 6403863901952146873

318 BadBadger the Chopper (level 6, -1/47 HPs)
             Began as a Demonspawn Chaos Knight on Mar 21, 2024.
             Was a Plaything of Xom.
             Slain by an ogre
             ... wielding a +3 giant club of chaos
              (4 damage)
             ... on level 4 of the Dungeon.
             The game lasted 00:06:55 (2291 turns).

BadBadger the Chopper (Demonspawn Chaos Knight)     Turns: 2291, Time: 00:06:56

Health: -1/47      AC:  1    Str: 13 (14) XL:     6   Next: 21%
Magic:  6/6        EV: 11    Int: 12      God:    Xom [*.....]
Gold:   290        SH:  0    Dex: 13      Spells: 5/5 levels left

rFire   . . .        a - +0 hand axe (chaos)
rCold   . . .        (no shield)
rNeg    . . .        b - +2 leather armour
rPois   .            (no helmet)
rElec   .            e - scarf {+Inv}
rCorr   .            (no gloves)
SInv    .            (no boots)
Will    .....        g - amulet of regeneration
Stlth   ++           (no ring)
HPRegen 1.07/turn    (no ring)
MPRegen 0.10/turn

%: no passive effects
@: corroded
A: demonic touch 2
a: Renounce Religion, Evoke Invisibility


You were on level 4 of the Dungeon.
You worshipped Xom.
You were a special plaything of Xom.
You visited 1 branch of the dungeon, and saw 4 of its levels.

You collected 290 gold pieces.

Inventory:

Hand Weapons
 a - a +0 hand axe of chaos (weapon)
Missiles
 q - 6 poisoned darts (quivered)
Armour
 b - a +2 leather armour (worn)
 e - a scarf of invisibility (worn)
Magical Staves
 i - a staff of earth
 o - a staff of air
Jewellery
 g - an amulet of regeneration (around neck)
Scrolls
 c - a scroll of butterflies
 d - 3 scrolls of teleportation
 m - a scroll of brand weapon {unknown}
 n - 3 scrolls of identify
Potions
 f - 3 potions of might {unknown}
 h - a potion of curing
 j - a potion of berserk rage {unknown}
 k - 2 potions of enlightenment {unknown}
 l - 2 potions of resistance {unknown}
 p - a potion of lignification {unknown}


   Skills:
 - Level 3.2 Fighting
 + Level 5.6 Axes
 - Level 2.1 Armour
 - Level 1.4 Dodging
 - Level 2.0 Stealth


You had 5 spell levels left.
You didn't know any spells.
Your spell library contained the following spells:

 Spells                   Type           Power      Damage    Failure   Level
 Magic Dart               Conj           0%         1d3       38%         1
 Searing Ray              Conj           0%         2d4       54%         2
 Fulminant Prism          Conj/Alch      0%         3d5       99%         4


Dungeon Overview and Level Annotations

Branches:
Dungeon (4/15)
 Temple: D:4-7

Altars:
Yredelemnul


Innate Abilities, Weirdness & Mutations

Your touch may inflict irresistible damage on your foes.


Message History

Xom makes a sudden noise!
You hear a very strange noise.
The goblin barely misses you.
You closely miss the goblin.
You touch the goblin.
You kill the goblin!
You hit the fungus. You burn the fungus.
Xom decides to shift things around a little.
The ogre blinks! "Suffer!"
You feel weakened.
Things that are here:
23 gold pieces; a +0 club; a goblin corpse You now have 290 gold pieces (gained 23).
A nearby fungus withers and dies.
The jelly attacks as it pursues you! The jelly closely misses you.
You hit the jelly but do no damage.
Your hands burn!
The jelly closely misses you.
You slash the jelly! You burn the jelly. The acid corrodes you!
Your hands burn!
You touch the jelly.
The jelly is almost dead.
The jelly closely misses you.
You hit the jelly.
You kill the jelly! "Have a taste of chaos, mortal."
The ogre's +0 giant club erupts in a glittering mayhem of colour.
Your Stealth skill increases to level 2!
Okay, then.
You hit the ogre. You freeze the ogre.
The ogre is lightly wounded.
The ogre hits you with a +3 giant club of chaos!!
You are electrocuted!!
* * * LOW HITPOINT WARNING * * *
Unknown command.
Okay, then.
Okay, then.
You feel better.
The ogre hits you with a +3 giant club of chaos!
* * * LOW HITPOINT WARNING * * *
The ogre freezes you.
You die...
Xom snickers!

...###..## .......##
#))....# ##...<.##
####...# ##..# # #
#..# ### #.# # ##.#
##.####...# # #.#
##...O@....#
#######.###..#######.#
...................$.
..####..PPP..._..PPPP
....)........).......
#######..#####.....##
##.# #....# #.# #...#
#.# ....#


You could see an ogre.

Vanquished Creatures
  Blork the orc (D:4)
  A bombardier beetle (D:3)
  2 jellies
  An orc wizard (D:4)
  Natasha (D:3)
  2 adders (D:2)
  A ribbon worm (D:2)
  11 orcs
  3 ball pythons
  4 endoplasms
  3 giant cockroaches
  7 hobgoblins
  4 jackals (D:1)
  2 quokkas
  2 bats (D:3)
  2 frilled lizards
  8 goblins
  8 kobolds
  11 rats
74 creatures vanquished.

Vanquished Creatures (collateral kills)
  A ball python (D:3)
  A rat (D:1)
2 creatures vanquished.

Grand Total: 76 creatures vanquished

Notes
Turn   | Place    | Note
-------+----------+-------------------------------------------
     0 | D:1      | BadBadger the Demonspawn Chaos Knight began the quest for
                  | the Orb.
     0 | D:1      | Reached XP level 1. HP: 18/18 MP: 1/1
    51 | D:1      | Reached skill level 1 in Dodging
   100 | D:1      | Gained mutation: Your touch may inflict minor irresistible
                  | damage on your foes. [demonic ancestry]
   100 | D:1      | Reached XP level 2. HP: 22/24 MP: 2/2
   244 | D:1      | Reached skill level 3 in Axes
   500 | D:1      | Found a faded altar of an unknown god.
   552 | D:1      | Reached XP level 3. HP: 29/29 MP: 3/3
  1194 | D:2      | XOM: 3-stop teleportation journey
  1212 | D:2      | Reached XP level 4. HP: 33/35 MP: 4/4
  1518 | D:3      | Reached skill level 4 in Axes
  1518 | D:3      | Reached skill level 1 in Stealth
  1579 | D:3      | XOM: enchant monster (bad)
  1594 | D:3      | Gained mutation: Your touch may inflict irresistible damage
                  | on your foes. [demonic ancestry]
  1594 | D:3      | Reached XP level 5. HP: 28/41 MP: 5/5
  1661 | D:3      | Found a basalt altar of Yredelemnul.
  1713 | D:3      | XOM: noise
  1877 | D:3      | Noticed Natasha
  1885 | D:3      | XOM: summons 3 hostile demons
  1886 | D:3      | Killed Natasha
  2095 | D:4      | Noticed Blork the orc
  2107 | D:4      | Killed Blork the orc
  2108 | D:4      | Reached skill level 5 in Axes
  2251 | D:4      | Reached XP level 6. HP: 36/47 MP: 6/6
  2276 | D:4      | XOM: noise
  2277 | D:4      | XOM: blink monster(s)
  2278 | D:4      | XOM: stat loss: -1 Str (13/14)
  2289 | D:4      | XOM: chaos upgrade
  2291 | D:4      | Slain by an ogre

Illustrated notes

Levels and vault maps discovered:
D:1:      ncdulo_lavacross, layout_rooms, shapermc_ecumenical_altar_ellora
D:2:      layout_basic
D:3:      layout_basic, mainiacjoe_overflow_six_doors_small,
          minmay_gold_behind_fungi, st_stairs_7,
          hangedman_decor_clover_reticule, kennysheep_generic_room_10,
          uniq_natasha
D:4:      layout_layer_cave, mainiacjoe_overflow_boulevard,
          cheibrodos_gnoll_hut, uniq_blork_the_orc, uniq_ijyb, uniq_grinder

Skill      XL: |  1  2  3  4  5  6 |
---------------+-------------------+-----
Dodging        | 1 |  1.4
Armour         | 2 |  2.1
Axes           | 3 4 5 |  5.6
Stealth        | 1 2 |  2.0
Fighting       | |  3.2

Action                     |  1- 3 |  4- 6 || total
---------------------------+-------+-------++-------
  Melee: Hand axe          |    91 |   108 ||   199
         Touch             |    16 |    21 ||    37
         Punch             |     1 |       ||     1
    Use: Scroll            |     4 |     2 ||     6
         Potion            |       |     1 ||     1
   Stab: Sleeping          |     1 |     1 ||     2
         Confused          |       |     1 ||     1
 Armour: Leather armour    |    44 |    65 ||   109
  Dodge: Dodged            |    43 |    35 ||    78
